 Dungeon Crawl Stone Soup version 0.26.1-11-gd32895ea62 (webtiles) character file.

Game seed: 16196227283835482303

48 GenialerGandalf the Skirmisher (level 3, -14/33 HPs)
             Began as a Hill Orc Fighter on June 14, 2021.
             Demolished by an ogre
             ... wielding a +0 giant club
              (25 damage)
             ... while paralysed by Grinder
             ... on level 3 of the Dungeon.
             The game lasted 00:06:28 (2747 turns).

GenialerGandalf the Skirmisher (Hill Orc Fighter)   Turns: 2747, Time: 00:06:29

Health: -14/33     AC:  7    Str: 19    XL:     3   Next: 72%
Magic:  3/3        EV:  2    Int:  8    God:
Gold:   144        SH:  0    Dex: 10    Spells: 2/2 levels left

rFire    . . .     SeeInvis .   a - +0 war axe
rCold    . . .     Faith    .   c - +0 kite shield
rNeg     . . .     Spirit   .   b - +0 scale mail
rPois    .         Reflect  .   (no helmet)
rElec    .         Harm     .   (no cloak)
rCorr    .         Rampage  .   (no gloves)
Will     .....                  (no boots)
Stlth    ..........             (no amulet)
HPRegen  0.11/turn              (no ring)
MPRegen  0.08/turn              (no ring)

@: paralysed
A: no striking features
a: no special abilities


You were on level 3 of the Dungeon.
You visited 1 branch of the dungeon, and saw 3 of its levels.

You collected 144 gold pieces.

Inventory:

Hand Weapons
 a - a +0 war axe (weapon)
Armour
 b - a +0 scale mail (worn)
 c - a +0 kite shield (worn)
Scrolls
 j - a scroll of magic mapping {unknown}
 l - a scroll of fear
 m - a scroll of random uselessness
Potions
 d - 2 potions of might
 e - a potion of magic {unknown}
 g - 2 potions of degeneration {unknown}
 h - a potion of haste {unknown}
 i - a potion of cancellation {unknown}
 k - a potion of curing {unknown}


   Skills:
 + Level 4.1 Fighting
 + Level 3.7 Axes
 + Level 3.7 Armour
 + Level 3.6 Shields


You had 2 spell levels left.
You didn't know any spells.
Your spell library was empty.

Dungeon Overview and Level Annotations

Branches:
Dungeon (3/15)

Altars:
Dithmenos
Hepliaklqana
Qazlal
Sif Muna
Vehumet
Wu Jian

Annotations:
D:3 Grinder


Message History

The ogre is heavily wounded.
The ogre hits you with a +0 giant club!
You closely miss the ogre.
The ogre is heavily wounded.
You block the ogre's attack.
You hit the ogre.
The ogre is severely wounded.
You block the ogre's attack.
You hit the ogre but do no damage.
The ogre is severely wounded.
The ogre closely misses you.
You hit the ogre.
The ogre is almost dead.
Your shield and scale mail prevent you from hitting Grinder.
Grinder blinks!
The ogre hits you with a +0 giant club! Grinder gestures at you.
You suddenly lose the ability to move!
The ogre hits you with a +0 giant club!!
Ouch! That really hurt!
You die...

#.#### #.#.#.###
#####...(# #.#.#<..#
...####(# #.#.#####
##.####.# #.#...# .
#.......# #.###.# ..
#..#...## #.# #.# ...
#...5..# #.###.# ##
(#..#.§....# #..)..#
_# ......O@#..#
####### ≈#
##.>..)....# ###
...####.##.# #.#
#.......##.# ..#
##########.#
#.#################.#
#............†......#
#####################


You could see Grinder and an ogre.

Vanquished Creatures
  An adder (D:3)
  A worm (D:2)
  A dart slug (D:2)
  2 bats (D:1)
  4 giant cockroaches
  6 goblins
  A hobgoblin (D:1)
  12 kobolds
  2 frilled lizards (D:1)
  5 rats
  4 toadstools (D:2)
39 creatures vanquished.

Vanquished Creatures (others)
  12 fungi (D:2)
12 creatures vanquished.

Grand Total: 51 creatures vanquished

Notes
Turn   | Place    | Note
-------+----------+-------------------------------------------
     0 | D:1      | GenialerGandalf the Hill Orc Fighter began the quest for
                  | the Orb.
     0 | D:1      | Reached XP level 1. HP: 19/19 MP: 1/1
   103 | D:1      | Reached XP level 2. HP: 24/27 MP: 2/2
   299 | D:1      | Reached skill level 4 in Fighting
  1608 | D:2      | Reached XP level 3. HP: 33/33 MP: 3/3
  1629 | D:2      | Found a radiant altar of Vehumet.
  1998 | D:2      | Found a stormy altar of Qazlal.
  1999 | D:2      | Found a hazy altar of Hepliaklqana.
  2075 | D:2      | Found an ornate altar of the Wu Jian Council.
  2688 | D:3      | Found a shimmering blue altar of Sif Muna.
  2688 | D:3      | Found a shadowy altar of Dithmenos.
  2733 | D:3      | Noticed an ogre
  2738 | D:3      | Noticed Grinder
  2746 | D:3      | Paralysed by Grinder for 5 turns
  2747 | D:3      | Demolished by an ogre

Illustrated notes

Levels and vault maps discovered:
D:1:      wander_arrival_estate, layout_basic, minmay_worlds_worst_comb
D:2:      layout_basic, lemuel_crystal_altar, fiery_altar_vehumet,
          gammafunk_temple_overflow_pools, amcnicky_mini_pool_small,
          minmay_gold_behind_fungi
D:3:      layout_basic, nicolae_overflow_crystal_walls,
          gammafunk_temple_overflow_elements, chequers_ecumenical_altar_simple,
          kennysheep_cluttered_room, nrook_campfire, uniq_terence,
          uniq_crazy_yiuf_cottage, uniq_grinder

Skill      XL: |  1  2 |
---------------+-------+-----
Fighting       | 4 |  4.1
Axes           | 3 |  3.7
Armour         | |  3.7
Shields        | |  3.6

Action                   || total
-------------------------++-------
Melee: War axe           ||   146
  Use: Scroll            ||     2
Armor: Scale mail        ||    46
Dodge: Dodged            ||    38
Block: Kite shield       ||    60
